 Dungeon Crawl Stone Soup version 0.29-a0-757-g358383bc75 (webtiles) character file.

Game seed: 13746145985616882539

130 moldycheese5 the Conjurer (level 4, -3/24 HPs)
             Began as a Deep Elf Conjurer on June 30, 2022.
             Slain by Crazy Yiuf
             ... wielding a +4 quarterstaff of chaos
              (4 damage)
             ... on level 2 of the Dungeon.
             The game lasted 00:06:29 (3081 turns).

moldycheese5 the Conjurer (Deep Elf Conjurer)       Turns: 3081, Time: 00:06:30

Health: -3/24      AC:  3    Str:  6    XL:     4   Next: 90%
Magic:  10/11      EV: 12    Int: 23    God:
Gold:   128        SH:  0    Dex: 13    Spells: 9/10 levels left

rFire   . . .      SeeInvis .   o - +4 short sword
rCold   . . .      Faith    .   (no shield)
rNeg    . . .      Spirit   .   a - +0 robe
rPois   .          Reflect  .   (no helmet)
rElec   .          Harm     .   h - +0 cloak
rCorr   .          Rampage  .   (no gloves)
Will    .....                   (no boots)
Stlth   ++........              (no amulet)
HPRegen 0.08/turn               (no ring)
MPRegen 0.12/turn               (no ring)

@: about to teleport
A: no striking features
a: no special abilities


You were on level 2 of the Dungeon.
You visited 1 branch of the dungeon, and saw 2 of its levels.

You collected 128 gold pieces.

Inventory:

Hand Weapons
 o - a +4 short sword (weapon)
Armour
 a - a +0 robe (worn)
 h - a +0 cloak (worn)
Magical Staves
 d - a staff of cold
 m - a staff of death
Scrolls
 i - 2 scrolls of fog
 k - a scroll of enchant weapon {unknown}
 l - a scroll of acquirement {unknown}
 n - a scroll of vulnerability {unknown}
Potions
 b - a potion of magic
 c - a potion of haste
 g - a potion of heal wounds {unknown}
 j - a potion of flight {unknown}
 p - a potion of invisibility {unknown}


   Skills:
 + Level 2.8 Dodging
 + Level 2.9 Stealth
 + Level 3.8 Spellcasting
 + Level 6.3 Conjurations


You had 9 spell levels left.
You knew the following spells:

 Your Spells              Type           Power      Damage    Failure   Level
a - Magic Dart            Conj           100%       1d8       1%          1

Your spell library contained the following spells:

 Spells                   Type           Power      Damage    Failure   Level
 Searing Ray              Conj           66%        2d6       1%          2
 Dazzling Flash           Conj/Hex       36%        N/A       9%          3
 Apportation              Tloc           8%         N/A       11%         1
 Fulminant Prism          Conj/Hex       9%         3d7       28%         4
 Iskenderun's Mystic Bla  Conj/Tloc      18%        2d6       28%         4
 Portal Projectile        Hex/Tloc       8%         N/A       32%         3
 Tukima's Dance           Hex            4%         N/A       32%         3
 Alistair's Intoxication  Tmut/Pois      2%         N/A       96%         5
 Blade Hands              Tmut           2%         N/A       96%         5


Dungeon Overview and Level Annotations

Branches:
Dungeon (2/15)

Altars:

Shops:
D:2 *(=[

Annotations:
D:2 Crazy Yiuf


Message History

p - a fizzy dark potion
Found a stone staircase leading down.
There is a stone staircase leading down here.
You now have 128 gold pieces (gained 9).
You enter the shallow water.
Moving in this stuff is going to be slow.
Things that are here:
a +0 falchion; a +0 scale mail
As you read the scroll labelled TUEWKE ZAEKOREU, it crumbles to dust.
You feel strangely unstable.
It was a scroll of teleportation.
Unknown command.
Unknown command.
You start waiting.
Crazy Yiuf grits, "Two!"
Your surroundings suddenly seem different.
There is an entrance to Miumn's Antique Armour Emporium here.
As you read the scroll labelled ENIYTH OJAUBULU, it crumbles to dust.
It is a scroll of identify.
i - 2 scrolls of fog
As you read the scroll of identify, it crumbles to dust.
c - a potion of haste You see here 3 stones.
Things that are here:
a +0 falchion; a +0 scale mail Crazy Yiuf shouts!
Crazy Yiuf cries, "Ten ena light!"
You open the door.
Crazy Yiuf says, "Scoff!"
The magic dart hits Crazy Yiuf.
Crazy Yiuf is lightly wounded.
Crazy Yiuf hits you with a +4 quarterstaff of chaos!
Ouch! That really hurt!
Crazy Yiuf freezes you!
* * * LOW HITPOINT WARNING * * *
You are too injured to fight recklessly!
As you read the scroll of teleportation, it crumbles to dust.
You feel strangely unstable.
Crazy Yiuf says, "Mugger head aubergine!"
Crazy Yiuf hits you with a +4 quarterstaff of chaos.
You die...

#...........
#...........
#...........
####........
#..#####. ##.# #.
### ♣♣###.# #.
#)..#♣♣ ♣♣.#...#
##
#...g@♣♣♣♣PP....#
#...#♣..♣.P....##
### ♣♣♣.♣..#.##
♣♣♣♣♣###


You could see Crazy Yiuf.

Vanquished Creatures
  Terence (D:2)
  Natasha (twice) (D:2)
  3 adders (D:2)
  2 ball pythons
  3 endoplasms (D:2)
  A giant cockroach (D:2)
  A goblin (D:2)
  2 hobgoblins
  3 jackals (D:2)
  3 quokkas (D:2)
  3 bats (D:1)
  3 frilled lizards
  2 kobolds (D:2)
  3 rats
32 creatures vanquished.

Notes
Turn   | Place    | Note
-------+----------+-------------------------------------------
     0 | D:1      | moldycheese5 the Deep Elf Conjurer began the quest for the
                  | Orb.
     0 | D:1      | Reached XP level 1. HP: 10/10 MP: 6/6
   161 | D:1      | Found a faded altar of an unknown god.
   300 | D:1      | You fall into a shaft and drop 1 floor!
   300 | D:2      | Found Fyri's Weapon Boutique.
  1272 | D:2      | Found Jemuclio's Assorted Antiques.
  1279 | D:2      | Reached XP level 2. HP: 15/15 MP: 6/8
  1371 | D:2      | Found a runed translucent door.
  1372 | D:2      | Noticed Crazy Yiuf
  1401 | D:2      | Noticed Terence
  1409 | D:2      | Killed Terence
  1410 | D:2      | Reached skill level 5 in Conjurations
  1410 | D:2      | Reached XP level 3. HP: 12/19 MP: 0/9
  1899 | D:2      | Found Miumn's Antique Armour Emporium.
  2007 | D:2      | Noticed Natasha
  2015 | D:2      | Killed Natasha
  2016 | D:2      | Reached XP level 4. HP: 24/24 MP: 1/11
  2095 | D:2      | Found Dir Dihi's Jewellery Shop.
  2179 | D:2      | Reached skill level 6 in Conjurations
  2416 | D:2      | Noticed Natasha
  2422 | D:2      | Killed Natasha
  3080 | D:2      | HP: 1/24 [Crazy Yiuf/+4 quarterstaff of chaos (7)]
  3081 | D:2      | Slain by Crazy Yiuf

Illustrated notes

Levels and vault maps discovered:
D:1:      minmay_arrival_doors, layout_basic, hellmonk_ecumenical_altar_run_dry,
          serial_bayou_ford_a
D:2:      cheibrodos_helix_gallery, layout_basic, serial_shops, shop,
          shop_fountains, nicolae_square_shop,
          nicolae_shop_temple_entry_statues_fountains, uniq_crazy_yiuf_cottage,
          uniq_natasha, uniq_terence

Skill      XL: |  1  2  3  4 |
---------------+-------------+-----
Conjurations   | 5 6 |  6.3
Dodging        | |  2.8
Stealth        | |  2.9
Spellcasting   | |  3.8

Action                   |  1- 3 |  4- 6 || total
-------------------------+-------+-------++-------
Melee: Staff             |     1 |       ||     1
 Cast: Magic Dart        |    48 |    29 ||    77
  Use: Scroll            |       |     4 ||     4
Armor: Robe              |     1 |       ||     1
Dodge: Dodged            |     7 |     1 ||     8

Table legend: (Time is in decaauts)
 A = Elapsed time spent in this place.
 B = Non-inter-level travel time spent in this place.
 C = Inter-level travel time spent in this place.
 D = Time resting spent in this place.
 E = Time spent auto-exploring this place.
 F = Levels seen in this place.
 G = Mean time per level.
                   A        B        C        D        E       F      G
               +--------+--------+--------+--------+--------+-----+--------+
         Total |   3092 |   2866 |    226 |    347 |   2205 |   2 | 1546.0 |
       Dungeon |   3092 |   2866 |    226 |    347 |   2205 |   2 | 1546.0 |
               +--------+--------+--------+--------+--------+-----+--------+

Top non-repeatable levels by time:
     D:2: 1815 daAuts
     D:1: 1276 daAuts
